 Dungeon Crawl Stone Soup version 0.22-a0-252-gcace5d2 (webtiles) character file.

116 erloom the Fighter (level 5, -7/51 HPs)
             Began as a Gnoll Wanderer on Mar 2, 2018.
             Mangled by an ogre
             ... wielding a +0 giant spiked club
              (18 damage)
             ... on level 2 of the Dungeon.
             The game lasted 00:05:04 (1172 turns).

erloom the Fighter (Gnoll Wanderer)                 Turns: 1172, Time: 00:05:04

Health: -7/51      AC: 11    Str: 13    XL:     5   Next: 1%
Magic:  7/7        EV:  3    Int: 18    God:
Gold:   61         SH:  0    Dex: 13    Spells: 6/6 levels left

rFire    . . .     SeeInvis .   a - +2 hand axe
rCold    . . .     Gourm    .   (no shield)
rNeg     . . .     Faith    .   h - +0 plate armour
rPois    .         Spirit   .   (no helmet)
rElec    .         Reflect  .   (no cloak)
rCorr    .         Harm     .   (no gloves)
MR       .....                  (no boots)
Stlth    ..........             (no amulet)
HPRegen  0.17/turn              g - ring of wizardry
MPRegen  0.10/turn              (no ring)

@: no status effects
A: distributed training, fangs 1, strong nose
a: no special abilities


You were on level 2 of the Dungeon.
You were not hungry.

You visited 1 branch of the dungeon, and saw 2 of its levels.

You collected 61 gold pieces.

Inventory:

Hand Weapons
 a - a +2 hand axe (weapon)
 c - a +0 spear
Armour
 b - a +0 ring mail
 h - a +0 plate armour (worn)
Jewellery
 g - a ring of wizardry (left hand)
 i - an uncursed ring of ice {unknown}
Scrolls
 k - a scroll of fear {unknown}
 m - a scroll of identify {unknown}
 p - a scroll of amnesia {unknown}
Potions
 e - a potion of lignification {unknown}
 f - a potion of agility {unknown}
 j - a potion of heal wounds
 l - a potion of invisibility {unknown}
 n - a potion of mutation {unknown}
Comestibles
 d - 2 rations
 o - 2 chunks of flesh


   Skills:
 + Level 8.6 Fighting
 + Level 1.2 Short Blades
 + Level 1.2 Long Blades
 + Level 4.7 Axes
 + Level 1.2 Maces & Flails
 + Level 2.8 Polearms
 + Level 1.2 Staves
 + Level 1.2 Slings
 + Level 1.2 Bows
 + Level 1.2 Crossbows
 + Level 1.2 Throwing
 + Level 2.8 Armour
 + Level 1.2 Dodging
 + Level 2.6 Stealth
 + Level 1.2 Shields
 + Level 1.2 Unarmed Combat
 + Level 1.2 Spellcasting
 + Level 1.0 Conjurations
 + Level 1.0 Hexes
 + Level 1.0 Charms
 + Level 1.0 Summonings
 + Level 1.0 Necromancy
 + Level 1.0 Translocations
 + Level 1.0 Transmutations
 + Level 1.0 Fire Magic
 + Level 1.0 Ice Magic
 + Level 1.0 Air Magic
 + Level 1.0 Earth Magic
 + Level 1.0 Poison Magic
 + Level 1.4 Invocations
 + Level 2.8 Evocations


You had 6 spell levels left.
You didn't know any spells.

Dungeon Overview and Level Annotations

Branches:
Dungeon (2/15)

Altars:
Cheibriados


Innate Abilities, Weirdness & Mutations

Your experience applies equally to all skills.
You have very sharp teeth.
Your uncanny sense of smell can sniff out nearby items.


Message History

The ogre is lightly wounded.
The ogre hits you with a giant spiked club!
You barely miss the ogre.
The ogre is lightly wounded.
You hit the ogre.
The ogre is moderately wounded.
The ogre barely misses you.
You slash the ogre!
The ogre is severely wounded.
The ogre hits you with a giant spiked club!
You hit the ogre. Your bite misses the ogre.
The ogre is severely wounded.
The ogre hits you with a giant spiked club!
* * * LOW HITPOINT WARNING * * *
You hit the ogre. You bite the ogre, but do no damage.
The ogre is almost dead.
You hit the ogre.
The ogre is almost dead.
The ogre hits you with a giant spiked club!!
You die...

#.#... .........## .
...# ###.#....# ##
#.#..#### #.####.# #
#. .#..... . #(##
#.#. ..... # #..#
..#.# #.#.# ##.#
##...####.#)## #.#
[..........#.######
#.#
##...####.###)†)@O#
#.#
....>...O..#.####.##
#.# ###.#####.#.#
##...## #.# #
#.#####.###.## #.#
#.# ##.## ##.## #.#
#.# #.## ##.#####.#
#.# #.# #.......#
#.# #.## ##.#######
.# ##.## ##.##


You could see an ogre.

Vanquished Creatures
  Jessica (D:2)
  Robin (D:2)
  2 adders (D:2)
  An ooze (D:1)
  A worm (D:2)
  2 leopard geckos
  2 bats (D:1)
  3 giant cockroaches
  10 goblins
  8 hobgoblins
  4 jackals (D:2)
  A frilled lizard (D:1)
  6 kobolds (D:1)
  7 rats
49 creatures vanquished.

Notes
Turn   | Place    | Note
-------+----------+-------------------------------------------
     0 | D:1      | erloom the Gnoll Wanderer began the quest for the Orb.
     0 | D:1      | erloom set off with: a +2 hand axe, a +0 ring mail, a +0 spear, a ration
     0 | D:1      | Reached XP level 1. HP: 26/26 MP: 2/2
    38 | D:1      | Reached XP level 2. HP: 29/33 MP: 3/3
   214 | D:1      | Found a snail-covered altar of Cheibriados.
   434 | D:1      | Reached XP level 3. HP: 38/38 MP: 4/4
   776 | D:2      | Noticed Jessica
   790 | D:2      | Killed Jessica
   790 | D:2      | Reached skill level 1 in Short Blades
   790 | D:2      | Reached skill level 1 in Long Blades
   790 | D:2      | Reached skill level 1 in Maces & Flails
   790 | D:2      | Reached skill level 1 in Staves
   790 | D:2      | Reached skill level 1 in Slings
   790 | D:2      | Reached skill level 1 in Bows
   790 | D:2      | Reached skill level 1 in Crossbows
   790 | D:2      | Reached skill level 1 in Throwing
   790 | D:2      | Reached skill level 1 in Dodging
   790 | D:2      | Reached skill level 1 in Shields
   790 | D:2      | Reached skill level 1 in Unarmed Combat
   790 | D:2      | Reached skill level 1 in Spellcasting
   790 | D:2      | Reached skill level 1 in Invocations
   790 | D:2      | Reached XP level 4. HP: 41/45 MP: 4/6
   963 | D:2      | Noticed Robin
   964 | D:2      | Reached skill level 1 in Conjurations
   964 | D:2      | Reached skill level 1 in Hexes
   964 | D:2      | Reached skill level 1 in Charms
   964 | D:2      | Reached skill level 1 in Summonings
   964 | D:2      | Reached skill level 1 in Necromancy
   964 | D:2      | Reached skill level 1 in Translocations
   964 | D:2      | Reached skill level 1 in Transmutations
   964 | D:2      | Reached skill level 1 in Fire Magic
   964 | D:2      | Reached skill level 1 in Ice Magic
   964 | D:2      | Reached skill level 1 in Air Magic
   964 | D:2      | Reached skill level 1 in Earth Magic
   964 | D:2      | Reached skill level 1 in Poison Magic
  1124 | D:2      | Killed Robin
  1127 | D:2      | Reached XP level 5. HP: 47/51 MP: 7/7
  1147 | D:2      | Noticed an ogre
  1172 | D:2      | Mangled by an ogre

Vault maps used:
D:1:      lightli_arrival_noodles, kennysheep_flooded_box
D:2:      nicolae_overflow_crystal_walls, uniq_robin, uniq_jessica, uniq_natasha

Skill      XL: |  1  2  3  4 |
---------------+-------------+-----
Short Blades   | 1 |  1.2
Long Blades    | 1 |  1.2
Maces & Flails | 1 |  1.2
Staves         | 1 |  1.2
Slings         | 1 |  1.2
Bows           | 1 |  1.2
Crossbows      | 1 |  1.2
Throwing       | 1 |  1.2
Dodging        | 1 |  1.2
Shields        | 1 |  1.2
Unarmed Combat | 1 |  1.2
Spellcasting   | 1 |  1.2
Invocations    | 1 |  1.4
Conjurations   | 1 |  1.0
Hexes          | 1 |  1.0
Charms         | 1 |  1.0
Summonings     | 1 |  1.0
Necromancy     | 1 |  1.0
Translocations | 1 |  1.0
Transmutations | 1 |  1.0
Fire Magic     | 1 |  1.0
Ice Magic      | 1 |  1.0
Air Magic      | 1 |  1.0
Earth Magic    | 1 |  1.0
Poison Magic   | 1 |  1.0
Fighting       | |  8.6
Axes           | |  4.7
Polearms       | |  2.8
Armour         | |  2.8
Stealth        | |  2.6
Evocations     | |  2.8

Action                   |  1- 3 |  4- 6 || total
-------------------------+-------+-------++-------
Melee: Hand axe          |    69 |    77 ||   146
       Bite              |     8 |     5 ||    13
 Stab: Sleeping          |     1 |       ||     1
       Distracted        |       |     1 ||     1
  Eat: Chunk             |       |     1 ||     1
Armor: Ring mail         |     9 |       ||     9
       Plate armour      |    31 |    40 ||    71
Dodge: Dodged            |    23 |    11 ||    34

Table legend:
 A = Spawn XP
 B = Non-spawn XP
 C = Spawn XP percentage of total XP
 D = Spawn monster count
 E = Non-spawn monster count
 F = Spawn count percentage of total count
 G = Total turns spent on level
                    A         B        C        D         E        F      G
               +---------+---------+-------+---------+---------+-------+---------
         Total |       0 |     167 |   0.0 |       0 |      49 |   0.0 |  1172
               +---------+---------+-------+---------+---------+-------+---------
           D:1 |       0 |      46 |   0.0 |       0 |      25 |   0.0 |   887
           D:2 |       0 |     121 |   0.0 |       0 |      24 |   0.0 |   285
               +---------+---------+-------+---------+---------+-------+---------
